Map: Thunderbird LE

Players

HellraiseR

  • Race: Protoss Protoss
  • Spawn Location: 11:00

Bunny - Winner!

  • Race: Terran Terran
  • Spawn Location: 5:00

Event: HomeStory Cup XX

VOD

Have the link to the VOD?

Description

Time

  • Played on: Nov. 22, 2019, 4:43 a.m.
  • Length: 14:10

All games in this series

Show
View Real Time Build Order
Export as new Build Order

HellraiseR Protoss 

Build Orders: 1 Gate Expand, Phoenix Opening, Colossus Rush 

Get SALT Encoding   

  12  0:00  Probe  
  13  0:12  Probe  
  14  0:17  Pylon  
  14  0:22  Probe  
  15  0:31  Probe  
  16  0:36  Gateway  
  16  0:40  Probe  
  16  0:45  Assimilator  
  17  0:52  Probe  
  18  1:04  Probe  
  19  1:16  Probe  
  20  1:23  Nexus  
  20  1:34  Cybernetics Core  
  20  1:37  Probe  
  21  1:42  Assimilator  
  21  1:49  Probe  
  21  1:53  Pylon  
  22  2:01  Adept, Probe  
  23  2:09  Probe  
  26  2:16  Stargate  
  26  2:19  Warp Gate, Probe  
  27  2:31  Probe  
  27  2:32  Adept, Probe  
  31  2:40  Probe  
  31  2:43  Probe  
  32  2:51  Probe  
  32  2:55  Probe  
  32  2:56  Phoenix  
  34  3:03  Probe  
  37  3:07  Probe  
  37  3:12  Pylon  
  38  3:15  Probe  
  38  3:16  Phoenix  
  38  3:19  Probe  
  42  3:27  Probe  
  42  3:30  Assimilator  
  42  3:31  Probe  
  42  3:33  Robotics Facility  
  42  3:34  Phoenix  
  44  3:36  Assimilator  
  44  3:39  Probe  
  45  3:45  Probe  
  48  3:50  Pylon  
  48  3:51  Probe  
  49  3:57  Probe  
  49  3:58  Phoenix  
  52  4:05  Pylon, Probe  
  52  4:09  Probe  
  54  4:13  Gateway  
  54  4:17  Probe  
  54  4:20  Observer  
  54  4:21  Probe  
  54  4:24  Robotics Bay  
  57  4:30  Phoenix  
  59  4:31  Probe  
  59  4:33  Probe  
  61  4:43  Probe  
  62  4:47  Pylon, Probe  
  63  4:55  Phoenix  
  63  4:58  Observer  
  63  4:59  Nexus  
  65  5:03  Colossus  
  65  5:06  Probe  
  67  5:11  Probe  
  68  5:14  Pylon  
  68  5:20  Phoenix  
  76  5:22  Probe  
  76  5:23  Probe  
  78  5:34  Probe  
  77  5:36  Stalker, Sentry  
  77  5:38  Probe  
  82  5:42  Shield Battery  
  82  5:44  Gateway  
  82  5:50  Gateway  
  82  5:56  Pylon  
  82  5:59  Shield Battery  
  82  6:01  Gateway  
  82  6:10  Extended Thermal Lance  
  88  6:16  Stalker  
  88  6:17  Stalker  
  90  6:24  Colossus  
  90  6:27  Observer, Probe  
  90  6:28  Probe  
  90  6:31  Pylon  
  93  6:39  Assimilator  
  94  6:40  Probe  
  94  6:43  Assimilator, Forge, Probe x2, Twilight Council  
  95  6:52  Probe  
  96  6:55  Probe  
  96  6:56  Probe  
  96  6:58  Pylon, Sentry  
  96  6:59  Sentry, Zealot x2  
  106  7:02  Colossus  
  106  7:04  Probe  
  106  7:07  Probe  
  108  7:08  Probe  
  108  7:10  Forge  
  109  7:16  Protoss Ground Armor Level 1, Probe  
  109  7:17  Pylon  
  109  7:19  Probe  
  109  7:20  Charge  
  109  7:21  Probe  
  117  7:33  Pylon  
  117  7:34  Protoss Ground Weapons Level 1  
  117  7:35  Probe x3, Photon Cannon  
  120  7:37  Photon Cannon  
  120  7:39  Colossus  
  120  7:50  Gateway  
  120  7:51  Gateway  
  120  7:55  Gateway  
  120  7:57  Observer  
  126  8:01  Pylon  
  126  8:06  Stalker x3  
  132  8:18  Nexus  
  131  8:24  Probe x2  
  131  8:26  Observer  
  133  8:27  Photon Cannon  
  133  8:28  Shield Battery  
  133  8:34  Pylon  
  134  8:39  Immortal  
  134  8:40  Templar Archives  
  133  8:42  Shield Battery, Probe  
  133  8:43  Probe x2  
  133  8:44  Shield Battery  
  136  8:52  Blink  
  136  8:54  Probe  
  136  8:55  Probe  
  142  8:58  Probe  
  143  9:08  Shield Battery, Protoss Ground Armor Level 2  
  143  9:09  Shield Battery  
  143  9:11  Pylon x2  
  143  9:12  Stalker x3  
  149  9:19  Pylon  
  149  9:21  Pylon, Immortal  
  149  9:29  Probe  
  154  9:34  High Templar x4  
  154  9:35  Zealot x4  
  170  9:39  Archon x2  
  170  9:46  Gateway  
  170  9:47  Gateway  
  168  9:53  Dark Shrine  
  168  9:54  Probe x2  
  168  9:56  Assimilator  
  168  9:59  Protoss Ground Weapons Level 2  
  170  10:00  Assimilator  
  170  10:02  Zealot x4  
  174  10:09  Stalker x3  
  180  10:14  Stalker  
  180  10:17  Photon Cannon  
  180  10:20  Pylon  
  182  10:22  Observer  
  182  10:24  Nexus  
  183  10:32  Stalker  
  183  10:33  Stalker x3  
  189  10:40  Stalker x3  
  189  10:41  Zealot  
  193  10:51  Zealot x2  
  181  11:08  Stalker x3  
  181  11:09  Stalker x4  
  150  11:12  Colossus  
  150  11:14  Stalker x2  
  140  11:23  Probe  
  131  11:30  Robotics Facility  
  131  11:31  Probe x3  
  136  11:37  Protoss Shields Level 1  
  136  11:39  Nexus  
  136  11:43  High Templar x2  
  136  11:44  Shadow Stride, High Templar x2, Zealot x3  
  136  11:45  Zealot x2  
  154  11:49  Archon  
  154  11:51  Probe  
  154  11:53  Archon  
  154  11:57  Disruptor  
  153  12:04  Zealot x2  
  153  12:05  Zealot x3  
  153  12:07  Pylon  
  166  12:08  Probe  
  166  12:10  Disruptor  
  166  12:23  Stalker x4  
  166  12:29  Photon Cannon  
  174  12:30  Photon Cannon  
  174  12:31  Shield Battery  
  174  12:35  Pylon  
  174  12:36  Zealot x3  
  181  12:42  Zealot x2  
  179  12:49  Zealot x3  
  179  12:50  Zealot  
  182  12:55  Disruptor  
  139  13:06  Stalker  
  139  13:07  Stalker x2  
  139  13:08  Disruptor  
  139  13:11  Pylon  
  139  13:12  Pylon  
  145  13:21  Stalker x4  
  153  13:29  Disruptor  
  156  13:39  Nexus  
  156  13:40  Zealot x3  
  147  13:52  Zealot x4  
  147  13:54  Probe  
  124  14:03  Dark Templar x3  
Show
View Real Time Build Order
Export as new Build Order

Bunny Terran - Winner!

Build Orders: Reaper Expand 

Get SALT Encoding   

  12  0:00  SCV  
  13  0:12  SCV  
  14  0:17  Supply Depot  
  14  0:24  SCV  
  15  0:38  SCV  
  15  0:40  Barracks  
  16  0:43  Refinery  
  16  0:50  SCV  
  17  1:02  SCV  
  18  1:15  SCV  
  19  1:27  Orbital Command  
  19  1:28  Reaper  
  20  1:40  Command Center  
  20  1:50  Supply Depot  
  20  1:53  SCV  
  21  2:00  Marine  
  22  2:05  SCV  
  23  2:09  Factory  
  23  2:17  Refinery, SCV  
  23  2:21  Barracks Reactor  
  24  2:29  SCV  
  25  2:42  SCV  
  26  2:53  Orbital Command  
  26  2:54  Starport, SCV  
  26  2:56  Widow Mine  
  26  2:57  Marine x2  
  31  2:59  Orbital Command  
  31  3:06  SCV  
  32  3:15  Marine x2  
  32  3:18  SCV  
  32  3:19  Widow Mine  
  37  3:25  SCV  
  37  3:30  SCV  
  37  3:32  Medivac  
  37  3:33  Marine x2  
  42  3:38  Supply Depot, SCV  
  43  3:42  SCV  
  43  3:44  Widow Mine  
  46  4:00  Marine x2, SCV x2  
  46  4:02  Command Center  
  50  4:04  Supply Depot  
  50  4:08  Factory Tech Lab  
  50  4:12  SCV x2, Barracks  
  52  4:17  Barracks  
  52  4:19  Starport Tech Lab  
  52  4:23  Marine x2  
  54  4:27  SCV x2  
  54  4:36  Refinery, Bunker  
  54  4:39  SCV x2  
  54  4:43  Supply Depot  
  54  4:44  Factory Reactor  
  56  4:46  Marine  
  56  4:47  Marine  
  56  4:51  SCV x2  
  56  4:52  Starport Reactor  
  59  5:03  SCV x2  
  61  5:08  Engineering Bay  
  61  5:09  Engineering Bay  
  61  5:11  Combat Shield, Stimpack  
  61  5:15  SCV x2  
  61  5:17  Orbital Command  
  63  5:23  Marine x4  
  63  5:28  SCV x2  
  69  5:32  Refinery  
  69  5:33  Medivac x2  
  73  5:37  Widow Mine  
  73  5:39  Widow Mine  
  73  5:40  Orbital Command  
  73  5:42  SCV x2  
  79  5:51  Supply Depot  
  79  5:52  Terran Infantry Weapons Level 1, Terran Infantry Armor Level 1  
  79  5:54  SCV x2  
  81  5:59  Marauder x2  
  81  6:03  Supply Depot  
  85  6:04  Supply Depot  
  85  6:13  Marine x2, SCV x3  
  85  6:16  Widow Mine  
  92  6:20  Barracks  
  92  6:21  Widow Mine  
  92  6:22  Barracks  
  92  6:25  SCV x3  
  90  6:26  Medivac  
  90  6:28  Medivac  
  94  6:34  Marauder  
  94  6:36  Marauder, Marine  
  94  6:37  Marine, SCV x3  
  100  6:41  Supply Depot  
  100  6:46  Missile Turret  
  100  6:49  SCV x3  
  100  6:50  Missile Turret x2  
  100  6:52  Refinery, Concussive Shells  
  100  6:53  Refinery  
  103  6:56  Missile Turret  
  103  7:01  SCV x3  
  103  7:03  Viking, Armory  
  103  7:06  Viking  
  110  7:10  Barracks Reactor  
  110  7:12  Barracks Tech Lab  
  110  7:13  SCV x3  
  113  7:16  Marauder x2  
  113  7:20  Supply Depot  
  113  7:22  Supply Depot  
  117  7:24  Supply Depot  
  117  7:25  Starport  
  117  7:27  Fusion Core  
  117  7:41  SCV x3  
  117  7:42  Command Center  
  117  7:44  Supply Depot  
  120  7:45  Marauder x2  
  120  7:49  Marauder  
  126  7:52  Terran Infantry Weapons Level 2, Liberator x2  
  126  7:55  Terran Infantry Armor Level 2  
  126  7:59  Terran Ship Weapons Level 1  
  126  8:01  Marine x4  
  134  8:14  SCV x3  
  134  8:15  Liberator x2  
  135  8:25  Marauder x2  
  135  8:26  Marauder  
  142  8:31  Supply Depot x2  
  147  8:37  Supply Depot  
  147  8:42  Advanced Ballistics  
  147  8:43  Barracks  
  147  8:44  Liberator  
  147  8:45  Barracks  
  147  8:48  Marine x2, Liberator  
  147  8:52  Marine x2  
  147  8:55  Marauder x3  
  157  8:59  Barracks  
  157  9:07  Supply Depot, SCV x2  
  157  9:08  SCV  
  163  9:12  Marine x3  
  163  9:13  Marine  
  163  9:15  Refinery  
  163  9:16  Marauder x3  
  173  9:20  Refinery  
  173  9:21  Planetary Fortress  
  172  9:30  Ghost Academy, Supply Depot  
  172  9:32  Barracks Tech Lab  
  172  9:33  Marine x4  
  172  9:36  Barracks Reactor  
  172  9:38  Marauder x3  
  182  9:49  Missile Turret x2  
  182  9:50  Missile Turret  
  182  9:51  Sensor Tower  
  182  9:52  Viking x3  
  188  10:06  Viking  
  190  10:07  Barracks Tech Lab  
  190  10:08  Terran Ship Weapons Level 2  
  190  10:12  SCV  
  190  10:13  SCV x3  
  194  10:17  Terran Infantry Weapons Level 3  
  194  10:19  Command Center  
  194  10:33  Terran Infantry Armor Level 3  
  193  10:37  Viking x2  
  193  10:38  Viking  
  182  11:05  Ghost x4  
  182  11:06  Marine x4  
  182  11:07  Marine x3  
  182  11:10  Viking  
  182  11:11  Viking  
  169  11:22  Medivac  
  169  11:23  Medivac  
  169  11:24  Marine x3  
  166  11:25  Marauder  
  166  11:28  Marine x3  
  161  11:34  Marauder x4, Planetary Fortress  
  161  11:38  Refinery  
  167  11:40  Medivac  
  167  11:42  Marine x3, Medivac, Refinery  
  167  11:46  Marine x3  
  177  11:48  Command Center  
  177  11:49  Enhanced Shockwaves  
  177  11:50  Missile Turret  
  177  11:52  Medivac  
  177  12:02  Marauder x4, Marine x2  
  177  12:03  Marauder  
  177  12:05  Viking  
  191  12:18  Marine x2  
  191  12:21  Viking x2  
  195  12:22  Viking  
  195  12:23  Marauder  
  199  12:37  Liberator  
  199  12:38  Marine  
  196  12:47  Ghost x2  
  195  13:04  Ghost  
  182  13:05  Ghost  
  182  13:06  Ghost  
  182  13:07  Marine x3  
  184  13:15  Orbital Command  
  184  13:21  Command Center  
  184  13:22  Sensor Tower  
  184  13:23  Command Center  
  184  13:25  Missile Turret  
  184  13:27  Missile Turret  
  184  13:34  Starport  
  184  13:35  Starport, Command Center  
  180  13:43  Marauder x2  
  180  13:44  Command Center  
Tags
 
Add a new tag
Caveats
  • Supply blocks, unpowered buildings, or Contaminate may cause inaccurate times.
  • Supply counts are checked every 10 seconds.